 Dungeon Crawl Stone Soup version 0.31.0-11-ge490571c62 (webtiles) character file.

Game seed: 9669426012745510809

47 dingleboss the Apothecary (level 3, -2/31 HPs)
             Began as a Naga Alchemist on Jan 28, 2024.
             Slain by a howler monkey (4 damage)
             ... on level 2 of the Dungeon.
             The game lasted 00:08:35 (1784 turns).

dingleboss the Apothecary (Naga Alchemist)          Turns: 1784, Time: 00:08:35

Health: -2/31      AC:  2    Str: 10    XL:     3   Next: 70%
Magic:  1/6        EV:  9    Int: 17    God:
Gold:   70         SH:  0    Dex: 11    Spells: 0/6 levels left

rFire   . . .        i - +2 spear (venom)
rCold   . . .        (no shield)
rNeg    . . .        a - +0 robe
rPois   +            (no helmet)
rElec   .            (no cloak)
rCorr   +            (no gloves)
SInv    +            (no barding)
Will    .....        (no amulet)
Stlth   ++           e - ring of resist corrosion
HPRegen 0.25/turn    (no ring)
MPRegen 0.10/turn

%: no passive effects
@: very slow
A: AC +1, large, see invisible, deformed body, poison resistance, slowness 2,
spit poison 1, naga tail 1
a: Spit Poison


You were on level 2 of the Dungeon.
You visited 1 branch of the dungeon, and saw 3 of its levels.

You collected 70 gold pieces.

Inventory:

Hand Weapons
 c - a +0 dagger of freezing
 i - a +2 spear of venom (weapon)
Missiles
 j - 10 poisoned darts
Armour
 a - a +0 robe (worn)
Jewellery
 e - a ring of resist corrosion (left hand)
Wands
 m - a wand of mindburst (13)
Scrolls
 h - a scroll of blinking {unknown}
 l - a scroll of identify {unknown}
 n - a scroll of summoning {unknown}
Potions
 b - a potion of magic
 d - a potion of cancellation {unknown}
 f - 6 potions of curing {unknown}
 g - a potion of mutation {unknown}
 k - a potion of attraction {unknown}


   Skills:
 + Level 1.1 Fighting
 - Level 1.5 Dodging
 + Level 3.8 Stealth
 + Level 2.4 Spellcasting
 + Level 1.6 Conjurations
 + Level 0.2 Air Magic
 + Level 4.0 Alchemy


You couldn't memorise any spells.
You knew the following spells:

 Your Spells              Type           Power      Damage    Failure   Level
a - Sting                 Conj/Alch      44%        1d5       6%          1
b - Mercury Vapours       Alch/Air       18%        N/A       12%         2
c - Mephitic Cloud        Conj/Alch/Air  8%         N/A       24%         3

Your spell library contained the following spells:

 Spells                   Type           Power      Damage    Failure   Level
 Olgreb's Toxic Radiance  Alch           15%        N/A       34%         4
 Fugue of the Fallen      Necr           2%         N/A       50%         3
 Ozocubu's Armour         Ice            2%         N/A       50%         3
 Sticky Flame             Fire/Alch      8%         2d4       63%         4
 Manifold Assault         Tloc           2%         N/A       88%         4


Dungeon Overview and Level Annotations

Branches:
Dungeon (3/15)

Altars:

Shops:
D:1 =   D:2 :


Innate Abilities, Weirdness & Mutations

Your serpentine skin is tough. (AC +1)
You have supernaturally acute eyesight. (SInv)
Armour fits poorly on your strangely shaped body.
Your system is resistant to poisons. (rPois)
You cover ground very slowly.
You can spit poison.
You have a snake-like lower body.


Message History

Confirm with . or Enter, or press ? or * to list all spells.
Aiming: Sting (safe; 6% risk of failure)
Press: ? - help, Shift-Dir - straight line, f - howler monkey
Aim: a howler monkey (moderately wounded, 68% to hit)
The sting hits the howler monkey.
The howler monkey is poisoned.
The howler monkey is heavily wounded.
A giant cockroach comes into view.
The howler monkey hits you.
You closely miss the howler monkey.
The howler monkey is heavily wounded.
The bat is no longer weakened.
The howler monkey barely misses you.
The howler monkey looks more healthy.
The howler monkey attacks as it pursues you!
The howler monkey hits you. x2
* * * LOW HITPOINT WARNING * * *
The howler monkey hoots and howls with incredible vigour!
You hear a loud squeak.
You hear an angry growl.
The howler monkey attacks as it pursues you!
The howler monkey closely misses you.
The howler monkey hoots and howls with incredible vigour!
You hear a loud squeak.
You hear an angry hiss.
There is a stone staircase leading up here.
The howler monkey hits you.
* * * LOW HITPOINT WARNING * * *
You climb upwards.
There is a stone staircase leading down here.
Casting: Sting (safe; 6% risk of failure)
Confirm with . or Enter, or press ? or * to list all spells.
Aiming: Sting (safe; 6% risk of failure)
Press: ? - help, Shift-Dir - straight line, f - howler monkey
Aim: a howler monkey (heavily wounded, 68% to hit)
The sting hits the howler monkey.
The howler monkey is poisoned.
The howler monkey is heavily wounded.
The howler monkey barely misses you.
You closely miss the howler monkey.
The howler monkey is heavily wounded.
The howler monkey hits you.
* * * LOW HITPOINT WARNING * * *
The howler monkey hits you.
You die...

##...........#### ##...#####
######..####.........###.#(......
.................................
####.....###..........##.#.......
#..............................
####......#.......#####.##.......
<.........#.##....# #.##.......
######..##........## #.##.......
#...........@..# #.###.#.###
#####..###.....h..#####.###.#....
.......####.................####.
#####....##...#..##.###.##### #..
# #.....#...##.##.# #.# #.. #
#.........##.##.# #.# #.. #
##.........##.##.# #.# #.. #
##..........##.##.# #.#######.. #
#........>..##.##.# #.##...##..


You could see a howler monkey (poisoned).

Vanquished Creatures
  A gnoll (D:1)
  A dart slug (D:2)
  5 bats
  3 endoplasms
  2 giant cockroaches
  5 goblins
  3 hobgoblins
  2 quokkas (D:1)
  4 ball pythons
  2 frilled lizards (D:2)
  3 kobolds
31 creatures vanquished.

Notes
Turn   | Place    | Note
-------+----------+-------------------------------------------
     0 | D:1      | dingleboss the Naga Alchemist began the quest for the Orb.
     0 | D:1      | Reached XP level 1. HP: 15/15 MP: 3/3
   110 | D:1      | Reached XP level 2. HP: 22/24 MP: 3/5
   184 | D:1      | Found Jikeurche's Jewellery Emporium.
   520 | D:1      | Reached skill level 1 in Fighting
   520 | D:1      | Reached XP level 3. HP: 18/31 MP: 1/6
   568 | D:1      | Learned a level 2 spell: Mercury Vapours
   586 | D:1      | Learned a level 3 spell: Mephitic Cloud
   666 | D:1      | Reached skill level 4 in Alchemy
  1197 | D:2      | Found Fourgh's Book Shoppe.
  1784 | D:2      | Slain by a howler monkey

Illustrated notes

Levels and vault maps discovered:
D:1:      mainiacjoe_arrival_oval_in_oval, layout_rooms, serial_shops, shop,
          nicolae_grassy_gnolls
D:2:      layout_loops_ring, serial_shops, nicolae_shop_behind_doors
D:3:      layout_rooms, portal_sewer_entry_d, chequers_decorated_corner

Skill      XL: |  1  2  3 |
---------------+----------+-----
Fighting       | 1 |  1.1
Alchemy        | 4 |  4.0
Dodging        | |  1.5
Stealth        | |  3.8
Spellcasting   | |  2.4
Conjurations   | |  1.6
Air Magic      | |  0.2

Action                     || total
---------------------------++-------
  Melee: Dagger            ||     9
         Unarmed           ||     1
         Spear             ||    22
   Cast: Sting             ||    39
         Mercury Vapours   ||    11
Ability: Spit Poison       ||    19
 Armour: Robe              ||    33
  Dodge: Dodged            ||    25
